 Dungeon Crawl Stone Soup version 0.14-a0-2432-g6b3afca (webtiles) character file.

119 4tharraofdagon the Ducker (level 3, 0/16 HPs)
             Began as a Felid Monk on Feb 4, 2014.
             Slain by an orc
             ... wielding a -1,+0 orcish short sword
              (3 damage)
             ... on Level 4 of the Dungeon.
             The game lasted 00:04:05 (665 turns).

4tharraofdagon the Ducker (Felid Monk)               Turns: 665, Time: 00:04:05

HP   0/16        AC  1     Str  9      XL: 3   Next: 46%
MP   5/5         EV 20     Int 11      God:
Gold 73          SH  0     Dex 18      Spells:  0 memorised,  2 levels left
Lives: 0, deaths: 0

rFire  . . .     SeeInvis +       - Unarmed
rCold  . . .     Clarity  .     (armour unavailable)
rNeg   . . .     Conserve .     (shield unavailable)
rPois  .         rCorr    .     (helmet unavailable)
rElec  .         rRot     .     (cloak unavailable)
SustAb . .       Spirit   .     (gloves unavailable)
rMut   .         Warding  .     (boots unavailable)
Saprov . . .     Stasis   .     (no amulet)
MR     .....                    (no ring)
                                e - +1 ring of strength

@: quick, not resistant to hostile enchantments, quite stealthy
A: paw claws, no armour, no advanced items, fangs 3, see invisible, carnivore 3,
speed 1, shaggy fur 1, slow metabolism 1, jump 1
a: Jump Attack


You were on level 4 of the Dungeon.
You were completely stuffed.

You visited 1 branch of the dungeon, and saw 4 of its levels.

You collected 73 gold pieces.

Inventory:

Comestibles
 b - a meat ration
 g - a beef jerky
Scrolls
 a - 2 scrolls of amnesia {unknown}
 c - a scroll of enchant weapon I {unknown}
 d - a scroll of fog {unknown}
 f - a scroll of noise {unknown}
 i - a scroll of blinking {unknown}
 j - 3 scrolls of remove curse {unknown}
 k - a scroll of fear {unknown}
 m - 3 scrolls of identify {unknown}
Jewellery
 e - a +1 ring of strength (left paw)


   Skills:
 + Level 2.5 Fighting
 - Level 4.2 Dodging
 * Level 3.3 Stealth
 * Level 3.8 Unarmed Combat


You had 2 spell levels left.
You didn't know any spells.

Dungeon Overview and Level Annotations

Branches:
Dungeon (4/16)
 Temple: D:4-7

Altars:

Portals:
Sewer: D:3

Annotations:
D:4 Menkaure


Innate Abilities, Weirdness & Mutations

You cannot wear armour.
You are incapable of any advanced item manipulation.
Your paws have sharp claws.
You have razor-sharp teeth.
You have supernaturally acute eyesight.
You are carnivorous and can eat meat at any time.
You cover ground quickly.
You are covered in fur (AC +1).
You have a slow metabolism.
You can jump attack at a short distance.


Message History

You are starting to lose your buoyancy.
A giant eyeball comes into view.
The helpless giant eyeball fails to defend itself.
You claw the giant eyeball! You bite the giant eyeball.
The giant eyeball is severely wounded.
You scratch the giant eyeball. You bite the giant eyeball.
The giant eyeball is almost dead.
Unknown command.
You barely miss the giant eyeball. You bite the giant eyeball.
You kill the giant eyeball!
Menkaure casts a spell at you. Pain shoots through your body!
* * * LOW HITPOINT WARNING * * *
The orc misses you.
Unknown command.
Unknown command.
You float gracefully downwards.
Unknown command.
The orc hits you with an orcish short sword.
You die...

######### ######...#...#
#...##...#...# #...@........#
#..o........# # #s..........#
###.... ....
.......####....###....$h ......s
........M...).......$....
w................................
.................................
..........>.....................#
.............:...........$......#


You could see an orc and a giant cockroach.

Vanquished Creatures
  2 giant mites (D:3)
  A giant eyeball (D:4)
  2 orcs (D:3)
  5 bats
  3 giant cockroaches (D:3)
  3 hobgoblins
  2 kobolds
  A giant newt (D:2)
  5 goblins
  A quokka (D:3)
  5 rats
30 creatures vanquished.

Notes
Turn   | Place    | Note
--------------------------------------------------------------
     0 | D:1      | 4tharraofdagon, the Felid Monk, began the quest for the Orb.
     0 | D:1      | Reached XP level 1. HP: 9/9 MP: 2/2
   126 | D:2      | Reached XP level 2. HP: 5/13 MP: 3/3
   295 | D:3      | Found a glowing drain.
   378 | D:3      | Reached XP level 3. HP: 7/16 MP: 5/5
   543 | D:4      | Noticed Menkaure
   665 | D:4      | Slain by an orc

Action                   || total
-------------------------++-------
Melee: Unarmed           ||    83
 Abil: Jump Attack       ||     1
  Use: Potion            ||     3
 Stab: Sleeping          ||     7
